 Dungeon Crawl Stone Soup version 0.28.0 (webtiles) character file.

Game seed: 16479207963347683584

443 Dirian the Slasher (level 6, -2/56 HPs)
             Began as a Minotaur Fighter on Feb 13, 2022.
             Engulfed by a cloud of steam (3 damage)
             ... on level 4 of the Dungeon.
             The game lasted 00:06:19 (3804 turns).

Dirian the Slasher (Minotaur Fighter)               Turns: 3804, Time: 00:06:19

Health: -2/56      AC: 11    Str: 21    XL:     6   Next: 71%
Magic:  5/5        EV:  7    Int:  5    God:
Gold:   137        SH:  5    Dex: 11    Spells: 5/5 levels left

rFire   . . .      SeeInvis .   a - +0 long sword
rCold   . . .      Faith    .   c - +0 buckler
rNeg    . . .      Spirit   .   n - +0 chain mail
rPois   +          Reflect  .   (helmet restricted)
rElec   .          Harm     .   (no cloak)
rCorr   .          Rampage  .   p - +0 pair of gloves
Will    .....                   (no boots)
Stlth   ..........              (no amulet)
HPRegen 0.18/turn               l - ring of poison resistance
MPRegen 0.09/turn               (no ring)

@: no status effects
A: horns 2, retaliatory headbutt
a: no special abilities


You were on level 4 of the Dungeon.
You visited 1 branch of the dungeon, and saw 4 of its levels.

You collected 137 gold pieces.

Inventory:

Hand Weapons
 a - a +0 long sword (weapon)
 k - a +2 hunting sling of flaming
Missiles
 h - 264 stones (quivered)
Armour
 c - a +0 buckler (worn)
 n - a +0 chain mail (worn)
 p - a +0 pair of gloves (worn)
Jewellery
 l - a ring of poison resistance (left hand)
Wands
 e - a wand of mindburst (17)
Scrolls
 o - a scroll of acquirement
 r - 2 scrolls of identify
Potions
 b - a potion of mutation
 d - a potion of might
 f - a potion of curing {unknown}
 j - a potion of lignification


   Skills:
 + Level 5.2 Fighting
 * Level 6.0 Long Blades
 - Level 5.0 Armour
 - Level 1.0 Dodging
 - Level 5.0 Shields


You had 5 spell levels left.
You didn't know any spells.
Your spell library contained the following spells:

 Spells                   Type           Power      Damage    Failure   Level
 Animate Skeleton         Necr           0%         N/A       99%         1
 Apportation              Tloc           0%         N/A       99%         1
 Summon Small Mammal      Summ           0%         N/A       99%         1


Dungeon Overview and Level Annotations

Branches:
Dungeon (4/15)
 Temple: D:4-7

Altars:
Ru
Wu Jian

Shops:
D:3 ?


Innate Abilities, Weirdness & Mutations

You have a pair of horns on your head.
You reflexively headbutt those who attack you in melee.


Message History

A steam dragon comes into view.
The steam dragon hisses angrily.
The steam dragon breathes steam at you. The ball of steam hits you!
You're standing in a cloud of steam!
You closely miss the steam dragon. You block the steam dragon's attack. x2
You slash the steam dragon!
The steam dragon is moderately wounded.
The steam dragon bites you! You block the steam dragon's attack.
You hit the steam dragon but do no damage.
You headbutt the steam dragon, but do no damage.
The steam dragon is moderately wounded.
The steam dragon bites you.
The steam dragon claws you but does no damage.
You barely miss the steam dragon.
The steam dragon is moderately wounded.
The steam dragon breathes steam at you. The ball of steam hits you!
The steam dragon bites you!
* * * LOW HITPOINT WARNING * * *
The steam dragon claws you but does no damage.
You hit the steam dragon. Your headbutt misses the steam dragon.
The steam dragon is moderately wounded.
The steam dragon bites you but does no damage.
The steam dragon claws you but does no damage.
You block the steam dragon's attack.
The steam dragon claws you but does no damage.
You hit the steam dragon. Your headbutt misses the steam dragon.
The steam dragon is heavily wounded.
The steam dragon bites you but does no damage.
You block the steam dragon's attack.
You slash the steam dragon!
The steam dragon is almost dead.
The steam dragon breathes steam at you. The ball of steam hits you!
* * * LOW HITPOINT WARNING * * *
You hit the steam dragon.
You kill the steam dragon!
You are engulfed in a cloud of scalding steam.
You die...

.#....###.# #+#.#
...#.#...###...##
#.....#.#......+
#.....#.#......##
#.....#.#.......#
##.....#.'..§....# #
#........#.....[.# ...
#.#####..#...§§§##.....
#........#...§§@§......
.########.###..§##......
............#+#.# ......
#######.......### .....
#######......###
+#...#+#.
...............#
####...##
............#..+
#......+
...........##.##
#......## ...........# #
#.......#


There were no monsters in sight!

Vanquished Creatures
  A steam dragon (D:4)
  A black bear (D:3)
  An ogre (D:4)
  A water moccasin skeleton (D:4)
  A hound (D:4)
  An orc wizard (D:3)
  Robin (D:2)
  4 adders
  2 worms
  2 dart slugs
  16 orcs
  2 ball pythons
  8 bats
  4 endoplasms
  A giant cockroach (D:2)
  20 goblins
  14 hobgoblins
  3 kobolds
  A quokka (D:3)
  6 frilled lizards
  2 rats
92 creatures vanquished.

Notes
Turn   | Place    | Note
-------+----------+-------------------------------------------
     0 | D:1      | Dirian the Minotaur Fighter began the quest for the Orb.
     0 | D:1      | Reached XP level 1. HP: 19/19 MP: 0/0
   211 | D:1      | Found a faded altar of an unknown god.
   252 | D:1      | Reached XP level 2. HP: 27/27 MP: 1/1
   852 | D:2      | Reached skill level 3 in Long Blades
   863 | D:2      | Reached skill level 1 in Dodging
   959 | D:2      | Noticed Robin
   962 | D:2      | Reached XP level 3. HP: 33/33 MP: 2/2
   989 | D:2      | Killed Robin
  1292 | D:2      | Reached XP level 4. HP: 26/40 MP: 3/3
  2068 | D:3      | Noticed a black bear
  2140 | D:3      | Reached skill level 4 in Long Blades
  2428 | D:3      | Found Ileng's Magic Scroll Emporium.
  2441 | D:3      | Killed a black bear
  2442 | D:3      | Reached XP level 5. HP: 23/47 MP: 4/4
  2670 | D:3      | Reached skill level 5 in Long Blades
  3186 | D:3      | Reached XP level 6. HP: 43/53 MP: 5/5
  3462 | D:3      | Found a sacrificial altar of Ru.
  3523 | D:3      | Identified a scroll of acquirement
  3651 | D:4      | Reached skill level 5 in Shields
  3688 | D:4      | Found an ornate altar of the Wu Jian Council.
  3720 | D:4      | Reached skill level 5 in Fighting
  3720 | D:4      | Reached skill level 5 in Armour
  3739 | D:4      | Reached skill level 6 in Long Blades
  3794 | D:4      | Noticed a steam dragon
  3803 | D:4      | HP: 1/56 [steam dragon/ball of steam (10)]
  3804 | D:4      | Killed a steam dragon
  3804 | D:4      | Engulfed by a cloud of steam

Illustrated notes

Levels and vault maps discovered:
D:1:      lemuel_arrival_funnel, layout_loops_ring,
          chequers_ecumenical_altar_island, chequers_serial_rivers_micro_a
D:2:      layout_basic, uniq_robin
D:3:      cheibrodos_greedy_goblins, layout_loops_ring,
          nicolae_ru_path_of_blood, serial_shops, nicolae_shop_waterfront,
          minmay_circle_x
D:4:      nicolae_cairo_tiling_very_big, layout_basic, nzn_wu_jian_contemplation

Skill      XL: |  1  2  3  4  5  6 |
---------------+-------------------+-----
Long Blades    | 3 4 5 6 |  6.0
Dodging        | 1 |  1.0
Armour         | 4 5 |  5.0
Shields        | 4 5 |  5.0
Fighting       | 4 5 |  5.2

Action                   |  1- 3 |  4- 6 || total
-------------------------+-------+-------++-------
Melee: Long sword        |    74 |   152 ||   226
       Headbutt          |    11 |    26 ||    37
  Use: Potion            |       |     1 ||     1
       Scroll            |       |     7 ||     7
Armor: Scale mail        |    40 |    16 ||    56
       Chain mail        |       |    54 ||    54
Dodge: Dodged            |    38 |    56 ||    94
Block: Buckler           |    23 |    36 ||    59
